3R
OGALLALA OCTOPI @ GERMANTOWN URUGUAYANS
08/30/2041
 
TOP OF THE 1ST
Ogallala Octopi batting - Pitching for Germantown Uruguayans : RHP José Jiménez
Pitching: RHP José Jiménez
Batting: RHB Nando van der Goor 0-0: Ball
1-0: Called Strike
1-1: SOLO HOME RUN (Flyball, 9D, EV 107.5 MPH), Distance : 360 ft
Batting: RHB Rodrigo Sánchez 0-0: Ball
1-0: Swinging Strike
1-1: Foul Ball, location: 2F
1-2: Strikes out looking
Batting: SHB Víctor Pagueros 0-0: SINGLE (Groundball, 56D, EV 106.9 MPH)
Batting: LHB Benjamin Bays 0-0: Called Strike
0-1: Foul Ball, location: 2F
0-2: Ball
1-2: Foul Ball, location: 2F
1-2: Foul Ball, location: 2F
1-2: Ball
2-2: Strikes out swinging
Batting: RHB Roy Berriman 0-0: Called Strike
0-1: Ball
1-1: Ball
2-1: Called Strike
2-2: Strikes out swinging
Top of the 1st over - 1 run, 2 hits, 0 errors, 1 left on base; Ogallala 1 - Germantown 0
BOTTOM OF THE 1ST
Germantown Uruguayans batting - Pitching for Ogallala Octopi : RHP Pepe Costello
Pitching: RHP Pepe Costello
Batting: RHB Will Gamble 0-0: Called Strike
0-1: Ball
1-1: Ball
2-1: SINGLE (Groundball, 6D, EV 95.6 MPH)
Batting: LHB Ta-hye Keng 0-0: Ball
1-0: Ball
2-0: Called Strike
2-1: Fielders Choice at 2nd, 1-6 (Groundball, 13S, EV 72.5 MPH)
Batting: RHB Rubén Nuañez 0-0: Ball
1-0: Fly out, F8 (Flyball, 78D, EV 80.6 MPH)
Batting: LHB José Costa 0-0: Ball
Ta-hye Keng is caught stealing 2nd base 2-6
Bottom of the 1st over - 0 runs, 1 hit, 0 errors, 0 left on base; Ogallala 1 - Germantown 0
TOP OF THE 2ND
Ogallala Octopi batting - Pitching for Germantown Uruguayans : RHP José Jiménez
Batting: LHB Claudio Guzmán 0-0: Fly out, F7 (Line Drive, 7, EV 87.5 MPH)
Batting: SHB Danny Adams 0-0: Called Strike
0-1: Ball
1-1: Ball
2-1: Foul Ball, location: 2F
2-2: Foul Ball, location: 2F
2-2: Strikes out swinging
Batting: LHB Nukie Libiran 0-0: Ball
1-0: Ball
2-0: SINGLE (Line Drive, 9S, EV 100.6 MPH)
Batting: SHB Lyonya Wanyushin 0-0: Called Strike
0-1: Foul Ball, location: 2F
0-2: Foul Ball, location: 2F
0-2: 2-RUN HOME RUN (Flyball, 9LD, EV 96.2 MPH), Distance : 342 ft
Batting: RHB Nando van der Goor 0-0: Ball
1-0: SINGLE (Line Drive, 3D, EV 96.2 MPH)
Batting: RHB Rodrigo Sánchez Pickoff Throw to First - Out! 1-3
Top of the 2nd over - 2 runs, 3 hits, 0 errors, 0 left on base; Ogallala 3 - Germantown 0
BOTTOM OF THE 2ND
Germantown Uruguayans batting - Pitching for Ogallala Octopi : RHP Pepe Costello
Batting: LHB José Costa 0-0: Ball
1-0: Ball
2-0: Called Strike
2-1: Called Strike
2-2: Foul Ball, location: 2F
2-2: Strikes out looking
Batting: RHB Kaaleppi Möttölä 0-0: Called Strike
0-1: Called Strike
0-2: Ball
1-2: Ground out 5-3 (Groundball, 5S, EV 66.2 MPH)
Batting: SHB Teddy York 0-0: Foul Ball, location: 2F
0-1: Foul Ball, location: 2F
0-2: SINGLE (Groundball, 56D, EV 96.2 MPH)
Batting: RHB Steve Gill 0-0: Called Strike
Teddy York steals 2nd base
0-1: Foul Ball, location: 2F
0-2: Foul Ball, location: 2F
0-2: Fly out, F7 (Line Drive, 7, EV 107.5 MPH)
Bottom of the 2nd over - 0 runs, 1 hit, 0 errors, 1 left on base; Ogallala 3 - Germantown 0
TOP OF THE 3RD
Ogallala Octopi batting - Pitching for Germantown Uruguayans : RHP José Jiménez
Batting: RHB Rodrigo Sánchez 0-0: Foul Ball, location: 2F
0-1: Swinging Strike
0-2: Strikes out swinging
Batting: SHB Víctor Pagueros 0-0: Fly out, F7 (Flyball, 7S, EV 82.5 MPH)
Batting: LHB Benjamin Bays 0-0: DOUBLE (Line Drive, 5D, EV 96.2 MPH)
Pinch Runner at 2nd Joong Chuang:
Batting: RHB Roy Berriman 0-0: Called Strike
0-1: Ball
1-1: Called Strike
1-2: Foul Ball, location: 2F
1-2: Foul Ball, location: 2F
1-2: Ball
2-2: Foul Ball, location: 2F
2-2: Strikes out swinging
Top of the 3rd over - 0 runs, 1 hit, 0 errors, 1 left on base; Ogallala 3 - Germantown 0
BOTTOM OF THE 3RD
Germantown Uruguayans batting - Pitching for Ogallala Octopi : RHP Pepe Costello
Now in CF: Jamie Padgett
Batting: RHB Frank Mallam 0-0: Foul Ball, location: 2F
0-1: Foul Ball, location: 2F
0-2: Ball
1-2: Ball
2-2: Foul Ball, location: 2F
2-2: DOUBLE (Line Drive, 9LS, EV 96.2 MPH)
Batting: LHB Bill Ware 0-0: Called Strike
0-1: Ball
1-1: Ball
2-1: Fly out, F9 (Flyball, 9, EV 91.2 MPH)
Batting: RHB Will Gamble 0-0: Called Strike
0-1: Ball
1-1: Called Strike
1-2: Foul Ball, location: 2F
1-2: Ball
2-2: Foul Ball, location: 2F
2-2: Ball
3-2: Foul Ball, location: 2F
3-2: Strikes out swinging
Batting: LHB Ta-hye Keng 0-0: Ground out 1-3 (Groundball, 13, EV 90.0 MPH)
Bottom of the 3rd over - 0 runs, 1 hit, 0 errors, 1 left on base; Ogallala 3 - Germantown 0
TOP OF THE 4TH
Ogallala Octopi batting - Pitching for Germantown Uruguayans : RHP José Jiménez
Batting: LHB Claudio Guzmán 0-0: Ball
1-0: Ball
2-0: Ball
3-0: Base on Balls
Batting: SHB Danny Adams 0-0: Called Strike
0-1: Ball
1-1: Ball
2-1: Called Strike
2-2: Strikes out looking
Batting: LHB Nukie Libiran 0-0: Ball
1-0: Foul Ball, location: 2F
1-1: Called Strike
1-2: Strikes out swinging
Batting: SHB Lyonya Wanyushin 0-0: Called Strike
0-1: Called Strike
0-2: DOUBLE (Groundball, 3L, EV 95.6 MPH)
Claudio Guzmán to third
Runner from 3rd tries for Home, SAFE, throw by RF to trailing runner, SAFE at third!
Batting: RHB Nando van der Goor 0-0: Ground out 4-3 (Groundball, 4S, EV 63.1 MPH)
Top of the 4th over - 1 run, 1 hit, 0 errors, 1 left on base; Ogallala 4 - Germantown 0
BOTTOM OF THE 4TH
Germantown Uruguayans batting - Pitching for Ogallala Octopi : RHP Pepe Costello
Batting: RHB Rubén Nuañez 0-0: SINGLE (Groundball, 6MD, EV 94.4 MPH)
Batting: LHB José Costa 0-0: Called Strike
0-1: Ball
1-1: Ball
2-1: Fly out, F8 (Flyball, 8RXD, EV 87.5 MPH)
Batting: RHB Kaaleppi Möttölä 0-0: Called Strike
0-1: Fly out, F4 (Popup, 34, EV 63.8 MPH)
Batting: SHB Teddy York 0-0: Ball
1-0: Fly out, F6 (Popup, 6MS, EV 77.5 MPH)
Bottom of the 4th over - 0 runs, 1 hit, 0 errors, 1 left on base; Ogallala 4 - Germantown 0
TOP OF THE 5TH
Ogallala Octopi batting - Pitching for Germantown Uruguayans : RHP José Jiménez
Batting: RHB Rodrigo Sánchez 0-0: Called Strike
0-1: Ball
1-1: Ball
2-1: Foul Ball, location: 2F
2-2: SINGLE (Line Drive, 6M, EV 102.5 MPH)
Batting: SHB Víctor Pagueros 0-0: Ball
Rodrigo Sánchez steals 2nd base
1-0: Foul Ball, location: 2F
1-1: Fly out, F9 (Flyball, 9S, EV 85.0 MPH)
Batting: LHB Jamie Padgett 0-0: Fly out, F6 (Popup, 6MS, EV 75.6 MPH)
Batting: RHB Roy Berriman 0-0: SINGLE (Groundball, 5S, EV 71.9 MPH) (infield hit)
Rodrigo Sánchez to third
Batting: LHB Claudio Guzmán 0-0: Called Strike
0-1: Ball
1-1: Ball
2-1: Foul Ball, location: 2F
2-2: Ball
3-2: Strikes out swinging
Top of the 5th over - 0 runs, 2 hits, 0 errors, 2 left on base; Ogallala 4 - Germantown 0
BOTTOM OF THE 5TH
Germantown Uruguayans batting - Pitching for Ogallala Octopi : RHP Pepe Costello
Batting: RHB Steve Gill 0-0: Swinging Strike
0-1: Called Strike
0-2: DOUBLE (Line Drive, 5D, EV 95.6 MPH)
Batting: RHB Frank Mallam 0-0: Ball
1-0: Ground out 4-3 (Groundball, 4M, EV 93.1 MPH)
Steve Gill to third
Batting: LHB Bill Ware 0-0: Ball
1-0: Called Strike
1-1: Ball
2-1: Fly out, F7 (Flyball, 7, EV 96.9 MPH)
Runner from 3rd tags up, OUT at HOME! 7-2
Bottom of the 5th over - 0 runs, 1 hit, 0 errors, 0 left on base; Ogallala 4 - Germantown 0
TOP OF THE 6TH
Ogallala Octopi batting - Pitching for Germantown Uruguayans : RHP José Jiménez
Batting: SHB Danny Adams 0-0: Ball
1-0: Called Strike
1-1: DOUBLE (Line Drive, 7LM, EV 100.6 MPH)
Batting: LHB Nukie Libiran 0-0: Ball
1-0: Swinging Strike
1-1: SINGLE (Groundball, 34D, EV 85.6 MPH) (infield hit)
Danny Adams to third
Batting: SHB Lyonya Wanyushin 0-0: Called Strike
0-1: Ball
1-1: Foul Ball, location: 2F
1-2: Ball
2-2: Fly out, F8 (Flyball, 78D, EV 98.1 MPH)
Runner from 3rd tags up, SCORES, throw by CF
Batting: RHB Nando van der Goor 0-0: Ball
1-0: Ball
Nukie Libiran steals 2nd base
2-0: SINGLE (Line Drive, 3D, EV 106.9 MPH)
Nukie Libiran to third
Runner from 3rd tries for Home, SAFE, throw by RF to home
Pitching: RHP Rafael Galván
Batting: RHB Rodrigo Sánchez 0-0: Swinging Strike
0-1: Ball
1-1: Ball
2-1: Foul Ball, location: 2F
2-2: SINGLE (Groundball, 34D, EV 104.4 MPH)
Nando van der Goor to second
Runner from 2nd tries for 3rd, SAFE, no throw by RF
Batting: SHB Víctor Pagueros 0-0: Ball
1-0: Swinging Strike
1-1: Swinging Strike
1-2: Ball
2-2: Ball
3-2: Strikes out swinging
Batting: LHB Jamie Padgett 0-0: Fly out, F7 (Flyball, 7S, EV 92.5 MPH)
Top of the 6th over - 2 runs, 4 hits, 0 errors, 2 left on base; Ogallala 6 - Germantown 0
BOTTOM OF THE 6TH
Germantown Uruguayans batting - Pitching for Ogallala Octopi : RHP Pepe Costello
Batting: RHB Will Gamble 0-0: Fly out, F9 (Flyball, 9LS, EV 82.5 MPH)
Batting: LHB Ta-hye Keng 0-0: Called Strike
0-1: Foul Ball, location: 2F
0-2: Ball
1-2: Foul Ball, location: 2F
1-2: Ball
2-2: Ball
3-2: Foul Ball, location: 2F
3-2: SINGLE (Groundball, 6D, EV 97.5 MPH)
Batting: RHB Rubén Nuañez 0-0: Fielders Choice at 2nd, 4-6 (Groundball, 4D, EV 108.1 MPH)
Batting: LHB José Costa 0-0: Ball
1-0: SINGLE (Groundball, 34D, EV 105.6 MPH)
Rubén Nuañez to second
Runner from 2nd tries for 3rd, SAFE, no throw by RF
Batting: RHB Kaaleppi Möttölä 0-0: Called Strike
0-1: Foul Ball, location: 2F
0-2: Ball
José Costa steals 2nd base
1-2: Fly out, F9 (Line Drive, 9, EV 84.4 MPH)
Bottom of the 6th over - 0 runs, 2 hits, 0 errors, 2 left on base; Ogallala 6 - Germantown 0
TOP OF THE 7TH
Ogallala Octopi batting - Pitching for Germantown Uruguayans : RHP Rafael Galván
Batting: RHB Roy Berriman 0-0: Foul Ball, location: 2F
0-1: Swinging Strike
0-2: Ball
1-2: Ball
2-2: Strikes out swinging
Batting: LHB Claudio Guzmán 0-0: Ball
1-0: Foul Ball, location: 2F
1-1: Swinging Strike
1-2: Ball
2-2: Strikes out swinging
Batting: SHB Danny Adams 0-0: Called Strike
0-1: Ball
1-1: Ball
2-1: Foul Ball, location: 2F
2-2: Ground out 2-3 (Groundball, 15S, EV 73.8 MPH)
Top of the 7th over - 0 runs, 0 hits, 0 errors, 0 left on base; Ogallala 6 - Germantown 0
BOTTOM OF THE 7TH
Germantown Uruguayans batting - Pitching for Ogallala Octopi : RHP Pepe Costello
Batting: SHB Teddy York 0-0: Ball
1-0: Ball
2-0: Ground out 6-3 (Groundball, 6, EV 83.8 MPH)
Batting: RHB Steve Gill 0-0: Ball
1-0: Fly out, F8 (Flyball, 89XD, EV 87.5 MPH)
Batting: RHB Frank Mallam 0-0: Foul Ball, location: 2F
0-1: Ball
1-1: SINGLE (Groundball, 34D, EV 97.5 MPH)
Batting: LHB Bill Ware 0-0: Called Strike
0-1: Ball
1-1: Fly out, F8 (Flyball, 89M, EV 80.0 MPH)
Bottom of the 7th over - 0 runs, 1 hit, 0 errors, 1 left on base; Ogallala 6 - Germantown 0
TOP OF THE 8TH
Ogallala Octopi batting - Pitching for Germantown Uruguayans : RHP Rafael Galván
Batting: LHB Nukie Libiran 0-0: Ball
1-0: Called Strike
1-1: Foul Ball, location: 2F
1-2: Strikes out looking
Batting: SHB Lyonya Wanyushin 0-0: Ball
1-0: Ball
2-0: DOUBLE (Flyball, 89D, EV 99.4 MPH)
Batting: RHB Nando van der Goor 0-0: Fly out, F9 (Flyball, 9D, EV 103.8 MPH)
Runner from 2nd tags up, SAFE at 3rd, no throw by RF
Batting: RHB Rodrigo Sánchez 0-0: Ground out 5-3 (Groundball, 56S, EV 68.1 MPH)
Top of the 8th over - 0 runs, 1 hit, 0 errors, 1 left on base; Ogallala 6 - Germantown 0
BOTTOM OF THE 8TH
Germantown Uruguayans batting - Pitching for Ogallala Octopi : RHP Pepe Costello
Batting: RHB Will Gamble 0-0: Ball
1-0: Ball
2-0: Ball
3-0: Called Strike
3-1: Base on Balls
Batting: LHB Ta-hye Keng 0-0: Ground out 5-3 (Groundball, 56S, EV 70.0 MPH)
Will Gamble to second
Pitching: LHP Martin van der Kuijl
Batting: RHB Rubén Nuañez 0-0: Ball
1-0: SINGLE (Line Drive, 78M, EV 101.9 MPH)
Will Gamble to third
Batting: LHB José Costa 0-0: Called Strike
0-1: Swinging Strike
0-2: Foul Ball, location: 2F
0-2: Strikes out swinging
Batting: RHB Kaaleppi Möttölä 0-0: Called Strike
0-1: Ball
1-1: Swinging Strike
1-2: Foul Ball, location: 2F
1-2: Foul Ball, location: 2F
1-2: Foul Ball, location: 2F
1-2: Foul Ball, location: 2F
1-2: Strikes out swinging
Bottom of the 8th over - 0 runs, 1 hit, 0 errors, 2 left on base; Ogallala 6 - Germantown 0
TOP OF THE 9TH
Ogallala Octopi batting - Pitching for Germantown Uruguayans : RHP Rafael Galván
Pitching: LHP Ron Lloyd
Batting: SHB Víctor Pagueros 0-0: Ground out 4-3 (Groundball, 4MS, EV 83.8 MPH)
Batting: LHB Jamie Padgett 0-0: Ball
1-0: Single, Error in OF, E9, batter to second base (Groundball, 34D, EV 103.1 MPH)
Batting: RHB Roy Berriman 0-0: Ball
1-0: Foul Ball, location: 2F
1-1: Ball
2-1: 2-RUN HOME RUN (Flyball, 7D, EV 94.4 MPH), Distance : 377 ft
Pinch Hitting: RHB Jim Kelley 0-0: Ball
1-0: Foul Ball, location: 2F
1-1: Foul Ball, location: 2F
1-2: Foul Ball, location: 2F
1-2: Ball
2-2: Fly out, F7 (Flyball, 7D, EV 86.9 MPH)
Pinch Hitting: RHB Bill Uttley 0-0: SINGLE (Groundball, 4MD, EV 104.4 MPH)
Pinch Hitting: RHB Tetsuhiko Baba 0-0: Ball
1-0: Foul Ball, location: 2F
1-1: Foul Ball, location: 2F
1-2: Strikes out swinging, 2-3 out at first.
Top of the 9th over - 2 runs, 3 hits, 1 error, 1 left on base; Ogallala 8 - Germantown 0
BOTTOM OF THE 9TH
Germantown Uruguayans batting - Pitching for Ogallala Octopi : LHP Martin van der Kuijl
Now at 1B: Seth Porter
Now at 2B: Jim Kelley
Now in RF: Tetsuhiko Baba
Batting: SHB Teddy York 0-0: Called Strike
0-1: Ball
1-1: Foul Ball, location: 2F
1-2: Strikes out looking
Batting: RHB Steve Gill 0-0: Ball
1-0: Ball
2-0: Foul Ball, location: 2F
2-1: Swinging Strike
2-2: Ball
3-2: Base on Balls
Batting: RHB Frank Mallam 0-0: Ball
1-0: Ball
2-0: Called Strike
2-1: Foul Ball, location: 2F
2-2: Strikes out swinging
Batting: LHB Bill Ware 0-0: Called Strike
0-1: Fly out, F3 (Popup, 3F, EV 63.1 MPH)
Bottom of the 9th over - 0 runs, 0 hits, 0 errors, 1 left on base; Ogallala 8 - Germantown 0
Tuesday, January 5th, 2021 - OOTP Baseball 20.8 Build 74